 Dungeon Crawl Stone Soup version 0.22-a0-159-g7ce444f (webtiles) character file.

18 4thArraOfDagon the Skirmisher (level 2, -2/25 HPs)
             Began as a Hill Orc Air Elementalist on Feb 9, 2018.
             Slain by a hound (6 damage)
             ... on level 2 of the Dungeon.
             The game lasted 00:01:56 (270 turns).

4thArraOfDagon the Skirmisher (HOAE)                 Turns: 270, Time: 00:01:57

Health: -2/25      AC:  3    Str: 10    XL:     2   Next: 70%
Magic:  1/4        EV: 12    Int: 15    God:
Gold:   0          SH:  0    Dex: 11    Spells: 3/4 levels left

rFire    . . .     SeeInvis .   (no weapon)
rCold    . . .     Gourm    .   (no shield)
rNeg     . . .     Faith    .   a - +0 robe
rPois    .         Spirit   .   (no helmet)
rElec    .         Reflect  .   (no cloak)
rCorr    .         Harm     .   d - +0 pair of gloves
MR       .....     Rnd*Tele +   (no boots)
Stlth    ++........             (no amulet)
HPRegen  0.08/turn              e - ring of teleportation (curse)
MPRegen  0.09/turn              (no ring)

@: no status effects
A: no striking features
a: no special abilities


You were on level 2 of the Dungeon.
You were not hungry.

You visited 1 branch of the dungeon, and saw 2 of its levels.

Inventory:

Armour
 a - a +0 robe (worn)
 d - a +0 pair of gloves (worn)
Jewellery
 e - a cursed ring of teleportation (left hand)
Books
 b - a book of Air

   Spells                             Type                      Level
   a - Shock                          Conjuration/Air              1
   b - Swiftness                      Charms/Air                   2
   c - Static Discharge               Conjuration/Air              3
   d - Airstrike                      Air                          4
   e - Lightning Bolt                 Conjuration/Air              5
Comestibles
 c - 3 rations


   Skills:
 + Level 2.8 Fighting
 - Level 1.5 Dodging
 - Level 1.5 Stealth
 - Level 1.5 Spellcasting
 - Level 1.0 Conjurations
 - Level 2.4 Air Magic


You had 3 spell levels left.
You knew the following spells:

 Your Spells              Type           Power        Failure   Level  Hunger
a - Shock                 Conj/Air       #...         12%         1    ##.....


Dungeon Overview and Level Annotations

Branches:
Dungeon (2/15)

Altars:
Okawaru


Message History

The jackal is moderately wounded.
The zap hits the adder.
The adder is heavily wounded.
The hound bites you but does no damage. The hound bites you.
* * * LOW HITPOINT WARNING * * *
Unknown command.
Unknown command.
The rat bites you.
* * * LOW HITPOINT WARNING * * *
Unknown command.
Unknown command.
Casting: Shock (safe; 12% risk of failure)
Confirm with . or Enter, or press ? or * to list all spells.
Aiming: Shock (safe; 12% risk of failure)
Press: ? - help, Shift-Dir - straight line, f/p - hound
Aim: a hound (lightly wounded)
The zap misses the hound.
The zap hits the jackal.
The jackal is heavily wounded.
The hound bites you.
You die...

#.##### #.# #.#...#
#.# ####
###.#.#.###.#
...####$..#.#...rg#
.h.............>SS#
..w##.#.#....h###.#
...##.#.#.#.....#h#
....r...#.......#h#
#####.###......r@[#
#.. +.......### #.#
#.......# # #.#
#.......# ... ..#
....... ### .......
# ####### # .#


You could see a hound, 2 jackals, a goblin, a ball python and a rat.

Vanquished Creatures
  An ooze (D:1)
  A dart slug (D:1)
  2 bats (D:1)
  2 hobgoblins (D:1)
  A jackal (D:2)
  2 kobolds (D:1)
  4 rats (D:1)
13 creatures vanquished.

Notes
Turn   | Place    | Note
-------+----------+-------------------------------------------
     0 | D:1      | 4thArraOfDagon the Hill Orc Air Elementalist began the quest for the Orb.
     0 | D:1      | Reached XP level 1. HP: 14/14 MP: 3/3
    43 | D:1      | Reached skill level 1 in Fighting
    56 | D:1      | Reached XP level 2. HP: 9/24 MP: 0/4
   227 | D:2      | Found an iron altar of Okawaru.
   270 | D:2      | Slain by a hound

Vault maps used:
D:1:      dpeg_arrival_rooms_b, minmay_ruptured
D:2:      fedhas_altar_fruit_tree, makhleb_heckhound_becter,
          overflow_temple_1_default, gammafunk_temple_overflow_pools,
          okawaru_gym_becter, chequers_ecumenical_altar_lobes, minivault_4

Skill      XL: |  1  2 |
---------------+-------+-----
Fighting       | 1 2 |  2.8
Dodging        | |  1.5
Stealth        | |  1.5
Spellcasting   | |  1.5
Conjurations   | |  1.0
Air Magic      | |  2.4

Action                   || total
-------------------------++-------
Melee: Unarmed           ||    34
 Cast: Shock             ||    20
  Use: Scroll            ||     1
 Stab: Sleeping          ||     1
Armor: Robe              ||    14
Dodge: Dodged            ||    46

Table legend:
 A = Spawn XP
 B = Non-spawn XP
 C = Spawn XP percentage of total XP
 D = Spawn monster count
 E = Non-spawn monster count
 F = Spawn count percentage of total count
 G = Total turns spent on level
                    A         B        C        D         E        F      G
               +---------+---------+-------+---------+---------+-------+---------
         Total |       0 |      27 |   0.0 |       0 |      13 |   0.0 |   270
               +---------+---------+-------+---------+---------+-------+---------
           D:1 |       0 |      25 |   0.0 |       0 |      12 |   0.0 |   210
           D:2 |       0 |       2 |   0.0 |       0 |       1 |   0.0 |    60
               +---------+---------+-------+---------+---------+-------+---------
